[Event "ICC tourney 2772 (25 5)"]
[Site "Internet Chess Club"]
[Date "2021.12.19"]
[Round "4"]
[White "LI, ELLA XINYI:ellaxy"]
[Black "LaRose, Benjamin:benlarose"]
[Result "1-0"]
[ICCResult "Black checkmated"]
[WhiteElo "752"]
[BlackElo "555"]
[Opening "Giuoco Piano: four knights variation"]
[ECO "C47"]
[NIC "KP.06"]
[Time "15:30:19"]
[PlyCount "151"]
[TimeControl "1500+5"]

1. e4 e5 2. Nf3 Nc6 3. Nc3 Nf6 4. Bc4 Bc5 5. O-O d6 6. h3 O-O 7. d3 Be6 8.
Bxe6 fxe6 9. Bg5 h6 10. Bxf6 Qxf6 11. Na4 Bb4 12. c3 Ba5 13. b4 Bb6 14. Nxb6
axb6 15. a3 Qd8 16. d4 d5 17. exd5 exd5 18. dxe5 Qe7 19. Re1 Rf5 20. Qxd5+
Qf7 21. Qxf7+ Rxf7 22. e6 Re7 23. Nd4 Nxd4 24. cxd4 Rc8 25. a4 c5 26. dxc5
bxc5 27. bxc5 Rxc5 28. Rac1 Ra5 29. Rc8+ Kh7 30. Rc4 Ra6 31. Rce4 Kg8 32.
Kh2 Re8 33. f4 Rea8 34. e7 Re8 35. f5 Kf7 36. Kg3 b6 37. Kf4 Ra7 38. g4
Raxe7 39. Rxe7+ Rxe7 40. Rxe7+ Kxe7 41. Ke5 Kd7 42. Kd4 Kc6 43. Kc4 Kb7 44.
Kb5 Ka7 45. h4 Kb7 46. g5 hxg5 47. hxg5 Kc7 48. f6 gxf6 49. g6 f5 50. g7 f4
51. g8=Q f3 52. Qg3+ Kb7 53. Qxf3+ Kc7 54. a5 bxa5 55. Kxa5 Kd6 56. Qc3 Kd5
57. Qb4 Kc6 58. Qb5+ Kd6 59. Qc4 Ke5 60. Qd3 Kf4 61. Qe2 Kf5 62. Qc4 Ke5 63.
Qd3 Kf4 64. Qe2 Kf5 65. Kb4 Kf4 66. Kc4 Kf5 67. Qe3 Kg4 68. Qf2 Kg5 69. Qf3
Kg6 70. Qf4 Kh7 71. Qg3 Kh6 72. Kd4 Kh5 73. Ke4 Kh6 74. Kf5 Kh7 75. Kf6 Kh8
76. Qg7# {Black checkmated} 1-0

[Event "ICC tourney 2772 (25 5)"]
[Site "Internet Chess Club"]
[Date "2021.12.19"]
[Round "4"]
[White "KARTHEISER, MATEO:MasterMateo15"]
[Black "HECHT, HENRY:Henhec1001"]
[Result "0-1"]
[ICCResult "White checkmated"]
[WhiteElo "460"]
[BlackElo "988"]
[Opening "Sicilian defense"]
[ECO "B20"]
[NIC "SI.48"]
[Time "15:30:37"]
[PlyCount "98"]
[TimeControl "1500+5"]

1. e4 c5 2. Bc4 e6 3. Nf3 d5 4. exd5 exd5 5. Bb5+ Nc6 6. Qe2+ Ne7 7. d3 a6
8. Bxc6+ bxc6 9. c4 g6 10. O-O Be6 11. cxd5 cxd5 12. Nc3 d4 13. Qe5 Rg8 14.
Na4 Nc6 15. Qe4 Qc7 16. Nxc5 Bxc5 17. Bf4 Bd6 18. Bxd6 Qxd6 19. Rac1 Rc8 20.
Rc2 Qd5 21. Re1 Qxe4 22. Rxe4 Kd7 23. Ne5+ Nxe5 24. Rxc8 Rxc8 25. Rxd4+ Ke7
26. f4 Rc1+ 27. Kf2 Nc6 28. Re4 Rc2+ 29. Ke3 Rxb2 30. Ra4 Rxa2 31. Re4 Ra1
32. f5 Re1+ 33. Kf4 Rxe4+ 34. dxe4 gxf5 35. exf5 Bd5 36. g4 a5 37. g5 a4 38.
g6 hxg6 39. fxg6 fxg6 40. h4 a3 41. Kg5 Kf7 42. Kg4 a2 43. h5 gxh5+ 44. Kxh5
a1=Q 45. Kg5 Qf1 46. Kg4 Kf6 47. Kh5 Qg2 48. Kh4 Kf5 49. Kh5 Qg5#
{White checkmated}
0-1

[Event "ICC tourney 2772 (25 5)"]
[Site "Internet Chess Club"]
[Date "2021.12.19"]
[Round "4"]
[White "HANEGBY, MIKA:Malca30"]
[Black "MUNTYANU, ARSENLY:Arsenmunt"]
[Result "0-1"]
[ICCResult "White checkmated"]
[WhiteElo "176"]
[BlackElo "532"]
[Opening "Four knights: Italian variation"]
[ECO "C55"]
[NIC "IG.01"]
[Time "15:30:18"]
[PlyCount "76"]
[TimeControl "1500+5"]

1. e4 e5 2. Nf3 Nc6 3. Bc4 Nf6 4. Nc3 h6 5. O-O Bb4 6. Bb5 Bxc3 7. dxc3 b6
8. Bxc6 dxc6 9. Qe2 Bg4 10. g3 Bxf3 11. Qxf3 O-O 12. Be3 Qe7 13. Rad1 Rad8
14. Qg2 Rd6 15. Rde1 Ng4 16. Qf3 Nxe3 17. Qxe3 Rfd8 18. Qf3 Rd2 19. Re3 Rxc2
20. Qg4 Qg5 21. Qf3 Rxb2 22. Rfe1 Rxa2 23. c4 Qf6 24. Qg4 Qg5 25. Qf3 Rc2
26. h3 Rxc4 27. h4 Qg6 28. Qe2 Qe6 29. Rf3 Rdd4 30. Qe3 Rxe4 31. Qd2 Rxe1+
32. Qxe1 a5 33. Qe3 Qd5 34. Qe2 Re4 35. Qc2 Re1+ 36. Kg2 e4 37. Rf4 e3+ 38.
Kh2 Qh1# {White checkmated} 0-1

[Event "ICC tourney 2772 (25 5)"]
[Site "Internet Chess Club"]
[Date "2021.12.19"]
[Round "4"]
[White "VIJEYANANDH, VISHNU:vishnuvijey"]
[Black "MUSTO, LUKE:reallopsidedhaw"]
[Result "1-0"]
[ICCResult "Black checkmated"]
[WhiteElo "393"]
[BlackElo "962"]
[Opening "Pirc defense"]
[ECO "B07"]
[NIC "PU.07"]
[Time "15:30:21"]
[PlyCount "51"]
[TimeControl "1500+5"]

1. e4 d6 2. d4 Nf6 3. Nc3 g6 4. Be3 Bg7 5. Qd2 O-O 6. O-O-O Nbd7 7. f3 e5 8.
dxe5 Nxe5 9. Bh6 Be6 10. Bxg7 Kxg7 11. f4 Neg4 12. h3 Nh6 13. g4 Nhxg4 14.
hxg4 Bxg4 15. Be2 Bxe2 16. Ngxe2 Ng4 17. Rdg1 Nf6 18. f5 Re8 19. Qh6+ Kg8
20. fxg6 fxg6 21. Rxg6+ hxg6 22. Qxg6+ Kf8 23. Rh8+ Ke7 24. Rh7+ Nxh7 25.
Qg7+ Ke6 26. Nd4# {Black checkmated} 1-0

[Event "ICC tourney 2772 (25 5)"]
[Site "Internet Chess Club"]
[Date "2021.12.19"]
[Round "4"]
[White "LIN, ARIS:ArisL"]
[Black "Bhowmick, Ishaan:ishu13"]
[Result "0-1"]
[ICCResult "White checkmated"]
[WhiteElo "760"]
[BlackElo "703"]
[Opening "Queen's pawn: Chigorin variation"]
[ECO "D00"]
[NIC "QP.08"]
[Time "15:30:25"]
[PlyCount "92"]
[TimeControl "1500+5"]

1. d4 d5 2. Nc3 Nf6 3. Bf4 Bf5 4. f3 e6 5. g4 Bg6 6. h4 h5 7. g5 Nfd7 8. e3
Nc6 9. Bd3 Be7 10. Bxg6 fxg6 11. Nge2 Nb6 12. Qd3 Qd7 13. Qxg6+ Kf8 14.
O-O-O Nc4 15. Rhg1 N6a5 16. b3 Ba3+ 17. Kb1 Nd6 18. Bxd6+ Qxd6 19. Nb5 Qd7
20. Nxa3 b5 21. b4 Nc6 22. c3 a5 23. Kb2 axb4 24. Nxb5 Na5 25. Qd3 Nc4+ 26.
Kb3 Qxb5 27. cxb4 Ra3+ 28. Kc2 Rxd3 29. Kxd3 Nb2+ 30. Kd2 Nxd1 31. Kxd1 Qxb4
32. Nf4 Qb1+ 33. Ke2 Qxg1 34. Nxe6+ Kf7 35. Nxc7 Qg2+ 36. Kd3 Qxa2 37. f4
Qc4+ 38. Kd2 Qxc7 39. f5 Re8 40. g6+ Kf6 41. Ke2 Qc2+ 42. Kf3 Qe4+ 43. Kf2
Qxe3+ 44. Kg2 Qe2+ 45. Kg3 Re3+ 46. Kf4 Rf3# {White checkmated} 0-1

[Event "ICC tourney 2772 (25 5)"]
[Site "Internet Chess Club"]
[Date "2021.12.19"]
[Round "4"]
[White "BHARGAVA, SAARTH:bsaarth"]
[Black "TUDORACHE, CRISTIAN DUMITRU:K03-17327536"]
[Result "1-0"]
[ICCResult "Black checkmated"]
[WhiteElo "952"]
[BlackElo "997"]
[Opening "Pirc: classical, h3 system"]
[ECO "B06"]
[NIC "KF.05"]
[Time "15:30:15"]
[PlyCount "47"]
[TimeControl "1500+5"]

1. e4 g6 2. d4 Bg7 3. Nf3 d6 4. h3 Nf6 5. Nc3 Nc6 6. Bc4 a6 7. O-O O-O 8.
Bf4 b5 9. Bd3 Nh5 10. Be3 e5 11. d5 Ne7 12. Qd2 Nf6 13. Ne2 c6 14. dxc6 Nxc6
15. c3 Kh8 16. Ng3 Bb7 17. h4 Qd7 18. Bh6 Rac8 19. h5 Na5 20. Bxg7+ Kxg7 21.
Qg5 Qg4 22. h6+ Kg8 23. Qxf6 Rcd8 24. Qg7# {Black checkmated} 1-0

[Event "ICC tourney 2772 (25 5)"]
[Site "Internet Chess Club"]
[Date "2021.12.19"]
[Round "4"]
[White "Bapuram, Aadya:AadyaB"]
[Black "FROOM, JARED MICHAEL:littleprince428"]
[Result "1-0"]
[ICCResult "Black checkmated"]
[WhiteElo "345"]
[BlackElo "617"]
[Opening "Giuoco Pianissimo"]
[ECO "C55"]
[NIC "IG.01"]
[Time "15:30:24"]
[PlyCount "53"]
[TimeControl "1500+5"]

1. e4 e5 2. Nf3 Nc6 3. Bc4 Nf6 4. d3 Bc5 5. Bg5 O-O 6. O-O d6 7. h3 Be6 8.
Bb3 h6 9. Bh4 Nd4 10. Nxd4 Bxd4 11. c3 Bc5 12. Re1 Qd7 13. Bxe6 Qxe6 14. d4
Bb6 15. d5 Qd7 16. c4 Nh5 17. Qxh5 Qa4 18. Qg4 Qxc4 19. Bf6 g6 20. Qh4 h5
21. Bg5 Qb4 22. Nd2 Qxb2 23. Nc4 Qb4 24. Nxb6 Qxb6 25. Bh6 Rfd8 26. Qf6 Qb4
27. Qg7# {Black checkmated} 1-0

[Event "ICC tourney 2772 (25 5)"]
[Site "Internet Chess Club"]
[Date "2021.12.19"]
[Round "4"]
[White "WANG, KYLER:Kyler"]
[Black "BYSIEK, JULIANA RENEE:JulianaRenee"]
[Result "1-0"]
[ICCResult "Black checkmated"]
[WhiteElo "592"]
[BlackElo "729"]
[Opening "two knights defense: Ulvestad variation"]
[ECO "C57"]
[NIC "KP.01"]
[Time "15:30:14"]
[PlyCount "127"]
[TimeControl "1500+5"]

1. e4 e5 2. Nf3 Nc6 3. Bc4 Nf6 4. Ng5 d5 5. exd5 b5 6. dxc6 bxc4 7. d3 cxd3
8. cxd3 Bc5 9. O-O h6 10. Nf3 O-O 11. Nc3 Bg4 12. h3 Bh5 13. g4 Nxg4 14.
hxg4 Bxg4 15. Ne4 Bd4 16. Kg2 Qc8 17. Rg1 Bh3+ 18. Kh2 Qf5 19. Rg3 Bg4 20.
Kg2 Rae8 21. Kf1 Re6 22. Nh4 Qh5 23. Qxg4 Qxg4 24. Rxg4 Rxc6 25. Nf5 g6 26.
Ne7+ Kg7 27. Nxc6 f5 28. Rf4 fxe4 29. Rxf8 Kxf8 30. Nxd4 exd4 31. dxe4 Ke7
32. Bxh6 Kf6 33. Rd1 Ke5 34. f3 c5 35. Bg7+ Kf4 36. Kf2 g5 37. Bf8 g4 38.
Bxc5 gxf3 39. Bxd4 Kxe4 40. Bxa7 Kf4 41. b4 Ke4 42. Rb1 Kd5 43. Kxf3 Kc6 44.
b5+ Kb7 45. b6 Ka8 46. b7+ Kxa7 47. a4 Kb8 48. a5 Ka7 49. Rb2 Kb8 50. a6 Ka7
51. Rb3 Kb8 52. Rb4 Ka7 53. Ke4 Kb8 54. Rb5 Ka7 55. Kd5 Kb8 56. Ra5 Ka7 57.
Kc5 Kb8 58. a7+ Kxb7 59. Rb5+ Kxa7 60. Kc6 Ka6 61. Rb8 Ka7 62. Rb1 Ka8 63.
Kc7 Ka7 64. Ra1# {Black checkmated} 1-0

[Event "ICC tourney 2772 (25 5)"]
[Site "Internet Chess Club"]
[Date "2021.12.19"]
[Round "4"]
[White "CHADHA, MILAN DEV:MilanChadha"]
[Black "WU, TERRAIN:Brainstormer"]
[Result "0-1"]
[ICCResult "White checkmated"]
[WhiteElo "564"]
[BlackElo "902"]
[Opening "Scotch: Göring gambit"]
[ECO "C44"]
[NIC "SO.06"]
[Time "15:30:12"]
[PlyCount "80"]
[TimeControl "1500+5"]

1. e4 e5 2. Nf3 Nc6 3. d4 exd4 4. c3 Bc5 5. cxd4 Bb4+ 6. Nc3 Nge7 7. Bc4 O-O
8. O-O Na5 9. Bd3 Bxc3 10. bxc3 d5 11. h3 dxe4 12. Bxe4 f5 13. Bd3 Kh8 14.
Qc2 b6 15. c4 Nac6 16. Bf4 Nb4 17. Qb1 Nxd3 18. Qxd3 Bb7 19. Nh4 Be4 20. Qe3
Nc6 21. Rfd1 Re8 22. Qg3 Nxd4 23. Qc3 Ne2+ 24. Kf1 Nxc3 25. Rxd8 Raxd8 26.
Bxc7 Rd7 27. Rc1 Bd3+ 28. Kg1 Ne2+ 29. Kh2 Nxc1 30. Be5 Rxe5 31. Nf3 Re2 32.
Nd4 Rxd4 33. Kh1 Re1+ 34. Kh2 Ne2 35. g4 fxg4 36. c5 bxc5 37. hxg4 Rf4 38.
g5 Rxf2+ 39. Kh3 Bf5+ 40. Kh4 Rh1# {White checkmated} 0-1

[Event "ICC tourney 2772 (25 5)"]
[Site "Internet Chess Club"]
[Date "2021.12.19"]
[Round "4"]
[White "LI, KATE LEYI:kately"]
[Black "SPANTZEL, HEIDI:Unblinking"]
[Result "0-1"]
[ICCResult "White checkmated"]
[WhiteElo "417"]
[BlackElo "281"]
[Opening "Four knights: Spanish, classical defense"]
[ECO "C48"]
[NIC "KP.03"]
[Time "15:30:38"]
[PlyCount "88"]
[TimeControl "1500+5"]

1. e4 e5 2. Nf3 Nc6 3. Nc3 Nf6 4. Bb5 Bc5 5. O-O d6 6. Bxc6+ bxc6 7. d3 Bg4
8. Bg5 h6 9. Bxf6 Qxf6 10. h3 Bxf3 11. Qxf3 Qxf3 12. gxf3 Bd4 13. Nd1 Rb8
14. Rb1 a5 15. c3 Bc5 16. b4 axb4 17. cxb4 Bxb4 18. a3 O-O 19. Ne3 Bxa3 20.
Rxb8 Rxb8 21. Nc4 Bc5 22. Na5 Rb6 23. Nc4 Rb3 24. Rd1 Bd4 25. Na5 Rb6 26.
Nc4 Rb7 27. Na5 Rb2 28. Nc4 Rxf2 29. Nd2 Rxd2+ 30. Kf1 Rxd1+ 31. Ke2 Rh1 32.
Kd2 Rxh3 33. Kc2 Rxf3 34. Kd2 d5 35. exd5 cxd5 36. Ke2 Rh3 37. Kd2 Rg3 38.
Kc2 h5 39. Kd2 h4 40. Ke2 h3 41. Kd2 h2 42. Kc2 h1=Q 43. Kb3 Rxd3+ 44. Kc2
Qd1# {White checkmated} 0-1

[Event "ICC tourney 2772 (25 5)"]
[Site "Internet Chess Club"]
[Date "2021.12.19"]
[Round "4"]
[White "CHEN, WINSTON:wcsja"]
[Black "PALAMARTHY, SHREYA:ShreyaP"]
[Result "0-1"]
[ICCResult "White checkmated"]
[WhiteElo "864"]
[BlackElo "741"]
[Opening "Giuoco Piano"]
[ECO "C54"]
[NIC "IG.02"]
[Time "15:31:08"]
[PlyCount "144"]
[TimeControl "1500+5"]

1. e4 e5 2. Nf3 Nc6 3. Bc4 Bc5 4. c3 Nf6 5. d3 O-O 6. Nbd2 d5 7. Bb3 Be6 8.
O-O h6 9. Re1 Re8 10. h3 dxe4 11. Nxe4 Nxe4 12. Rxe4 Bf5 13. Re1 Qxd3 14.
Qxd3 Bxd3 15. Be3 Bb6 16. Bxb6 axb6 17. Rad1 Rad8 18. Nd2 Bg6 19. Nf3 Rxd1
20. Bxd1 f6 21. Nh4 Bf7 22. Nf5 Rd8 23. Bf3 Bxa2 24. Bxc6 bxc6 25. Ne7+ Kf7
26. Nxc6 Rd2 27. b4 Rc2 28. Re3 Ke8 29. Rd3 Be6 30. Rd8+ Kf7 31. Rd3 Bf5 32.
Rf3 Be4 33. Re3 Bxc6 34. Kf1 Rd2 35. Ke1 Rd6 36. c4 Bxg2 37. Rc3 Rc6 38. b5
Rc5 39. Rd3 Ke6 40. Rc3 Bd5 41. cxd5+ Kxd5 42. Rd3+ Ke6 43. Ke2 Rxb5 44. Rc3
Rc5 45. Rg3 g5 46. h4 b5 47. hxg5 hxg5 48. Rb3 Kd5 49. Kd3 e4+ 50. Ke3 f5
51. f3 f4+ 52. Kf2 e3+ 53. Ke2 Rc2+ 54. Kd1 Rd2+ 55. Ke1 Kc4 56. Rb1 Rf2 57.
Rc1+ Kb3 58. Rb1+ Kc2 59. Rxb5 Rxf3 60. Rc5+ Kd3 61. Rxg5 Rg3 62. Rd5+ Ke4
63. Rc5 Kf3 64. Kd1 Rg1+ 65. Kc2 e2 66. Rc3+ Kf2 67. Rxc7 e1=Q 68. Kd3 Qe2+
69. Kd4 Rd1+ 70. Kc5 Qc2+ 71. Kb6 Rb1+ 72. Ka7 Qa4# {White checkmated} 0-1

[Event "ICC tourney 2772 (25 5)"]
[Site "Internet Chess Club"]
[Date "2021.12.19"]
[Round "4"]
[White "YAN, RAYNA:K01-30157975"]
[Black "Xu, Kevin:kevin66666666"]
[Result "1-0"]
[ICCResult "Black checkmated"]
[WhiteElo "964"]
[BlackElo "565"]
[Opening "Giuoco Piano"]
[ECO "C53"]
[NIC "IG.02"]
[Time "15:30:15"]
[PlyCount "77"]
[TimeControl "1500+5"]

1. e4 e5 2. Nf3 Nc6 3. Bc4 Bc5 4. c3 h6 5. d4 exd4 6. cxd4 Bb6 7. Nc3 d6 8.
O-O Qe7 9. Re1 f6 10. Nd5 Qd7 11. Nxb6 axb6 12. Bf4 g5 13. Bg3 g4 14. Nh4
Qg7 15. Nf5 Qg5 16. Bh4 Qf4 17. g3 Qf3 18. Be2 Qxe4 19. Bxg4 d5 20. Rxe4+
dxe4 21. Qe2 Bd7 22. Qxe4+ Nge7 23. Bxf6 Rf8 24. Bxe7 Bxf5 25. Bxf8+ Bxe4
26. Bxh6 Nxd4 27. Re1 Kf7 28. Rxe4 Nc6 29. Rf4+ Kg6 30. Bf8 Kg5 31. h4+ Kg6
32. h5+ Kh7 33. h6 Ne5 34. Bf5+ Kg8 35. h7+ Kh8 36. Be7 Kg7 37. Be4 Kh6 38.
Bf6 Nf7 39. Rh4# {Black checkmated} 1-0

[Event "ICC tourney 2772 (25 5)"]
[Site "Internet Chess Club"]
[Date "2021.12.19"]
[Round "4"]
[White "MAZUR, HUDSON:hmnyc"]
[Black "WONG, ZOE:MYMChessZoe"]
[Result "0-1"]
[ICCResult "White checkmated"]
[WhiteElo "752"]
[BlackElo "693"]
[Opening "Two knights defense"]
[ECO "C58"]
[NIC "KP.01"]
[Time "15:30:24"]
[PlyCount "202"]
[TimeControl "1500+5"]

1. e4 e5 2. Nf3 Nc6 3. Bc4 Nf6 4. Ng5 d5 5. exd5 Na5 6. Bb5+ Bd7 7. Bxd7+
Qxd7 8. Nc3 Nxd5 9. O-O Be7 10. Nf3 Nc6 11. b3 O-O 12. Bb2 h6 13. Re1 Bf6
14. d3 Rfe8 15. Ne4 Qe6 16. c4 Nf4 17. d4 Qg4 18. Ng3 Rad8 19. h3 Qg6 20. d5
Ne7 21. Bxe5 Bxe5 22. Nxe5 Qg5 23. Qc2 Qf6 24. Ng4 Qg5 25. Ne3 Neg6 26. Qc3
Nh4 27. Nc2 Nhxg2 28. Rxe8+ Rxe8 29. Qb2 Nh4 30. Ne3 Nxh3+ 31. Kf1 Rxe3 32.
fxe3 Qxg3 33. Rd1 Qf3+ 34. Ke1 Qh1+ 35. Kd2 Qg2+ 36. Kc3 Qg6 37. Qd2 Nf3 38.
Qe2 Qf6+ 39. Kc2 Nhg1 40. Qd3 Ne5 41. Qd2 Qf5+ 42. Kb2 Ngf3 43. Qc3 Qe4 44.
Ka3 Ng4 45. Qd3 Qe7+ 46. d6 cxd6 47. Qxd6 Qxe3 48. Qd3 Qc5+ 49. b4 Qe3 50.
Qxe3 Nxe3 51. Rd3 Nxc4+ 52. Kb3 Nfe5 53. Rd1 Kh7 54. a4 Kg6 55. Rg1+ Kf6 56.
Rf1+ Ke6 57. Re1 g5 58. Kc3 f5 59. Kc2 f4 60. Kd1 Kd5 61. Ke2 f3+ 62. Kf2 g4
63. Rh1 Nf7 64. Kg3 Nb2 65. Kxg4 f2 66. Rf1 Nd3 67. Kf3 Kc4 68. Ke3 Nfe5 69.
b5 Ng4+ 70. Ke2 Nh2 71. Rxf2 Nxf2 72. Kxf2 Kb4 73. Kg2 Kxa4 74. Kxh2 Kxb5
75. Kg2 Kc4 76. Kf2 b5 77. Ke2 h5 78. Kd2 h4 79. Ke2 h3 80. Kf2 h2 81. Kg2
h1=Q+ 82. Kxh1 Kd3 83. Kg1 b4 84. Kf1 Kc2 85. Ke1 b3 86. Ke2 b2 87. Ke3 b1=Q
88. Kd4 Qb3 89. Ke5 Qd3 90. Kf4 Qe2 91. Kf5 Qe3 92. Kg4 Qf2 93. Kg5 Qf3 94.
Kg6 Qf4 95. Kg7 Qf5 96. Kh8 Qg4 97. Kh7 Kd3 98. Kh6 Ke4 99. Kh7 Ke5 100. Kh6
Kf6 101. Kh7 Qg7# {White checkmated} 0-1

[Event "ICC tourney 2772 (25 5)"]
[Site "Internet Chess Club"]
[Date "2021.12.19"]
[Round "5"]
[White "WEI, STANLEY:K05-17311215"]
[Black "RIVERA TORRES, SANTIAGO:barcakidny"]
[Result "1-0"]
[ICCResult "Black checkmated"]
[WhiteElo "495"]
[BlackElo "246"]
[Opening "Petrov: Damiano variation"]
[ECO "C42"]
[NIC "RG.03"]
[Time "17:00:16"]
[PlyCount "75"]
[TimeControl "1500+5"]

1. e4 e5 2. Nf3 Nf6 3. Nxe5 Nxe4 4. Qe2 d5 5. d3 Ng5 6. Nc6+ Be7 7. Nxd8 Kd7
8. Bxg5 Bxg5 9. Nxf7 Rf8 10. Nxg5 Kd8 11. Ne6+ Bxe6 12. Qxe6 Re8 13. Qxe8+
Kxe8 14. Be2 Nc6 15. Nc3 Kd7 16. Nxd5 Re8 17. Nc3 Nd4 18. Kd2 c6 19. Bg4+
Ne6 20. Rhe1 Kd8 21. Bxe6 Rf8 22. Bc4 Rf4 23. f3 Rf8 24. Re4 Re8 25. Rxe8+
Kxe8 26. Re1+ Kd8 27. Re4 Kc8 28. Rh4 a5 29. Rxh7 Kb8 30. Rxg7 Ka7 31. h4
Kb6 32. Rg5 Kc7 33. h5 Kb6 34. h6 Ka7 35. h7 Kb6 36. h8=Q Ka7 37. Rxa5+ Kb6
38. Qd8# {Black checkmated} 1-0

[Event "ICC tourney 2772 (25 5)"]
[Site "Internet Chess Club"]
[Date "2021.12.19"]
[Round "5"]
[White "HECHT, HENRY:Henhec1001"]
[Black "CHADHA, MILAN DEV:MilanChadha"]
[Result "1-0"]
[ICCResult "Black checkmated"]
[WhiteElo "988"]
[BlackElo "564"]
[Opening "English opening"]
[ECO "A10"]
[NIC "EO.64"]
[Time "17:00:10"]
[PlyCount "87"]
[TimeControl "1500+5"]

1. c4 d5 2. cxd5 Qxd5 3. Nc3 Qd8 4. Nf3 Nc6 5. d4 Bg4 6. e3 Bxf3 7. Qxf3 e5
8. Bb5 exd4 9. Bxc6+ bxc6 10. Qxc6+ Qd7 11. Qxa8+ Ke7 12. Qe4+ Kd8 13. Qxd4
Qxd4 14. exd4 Nf6 15. O-O Bd6 16. Bg5 h6 17. Bxf6+ gxf6 18. Ne4 Bb4 19. Nxf6
Bd2 20. Rad1 Bg5 21. Ne4 Bh4 22. g3 Rg8 23. Kh1 f5 24. gxh4 fxe4 25. Rfe1
Re8 26. d5 Kd7 27. Rd4 Kd6 28. Rdxe4 Rxe4 29. Rxe4 Kxd5 30. Ra4 a5 31. Rxa5+
c5 32. Kg2 h5 33. Kf3 Kc6 34. Kf4 Kb7 35. Rxc5 Kb6 36. Rxh5 Kc7 37. Re5 Kd7
38. h5 Kc6 39. h6 Kd6 40. h7 Kd7 41. h8=Q Kc6 42. Qf6+ Kc7 43. Re7+ Kd8 44.
Qf8# {Black checkmated} 1-0

[Event "ICC tourney 2772 (25 5)"]
[Site "Internet Chess Club"]
[Date "2021.12.19"]
[Round "5"]
[White "MILCHEVSKIY, TIMOTHY:TimothyPM"]
[Black "YAN, RAYNA:K01-30157975"]
[Result "0-1"]
[ICCResult "White checkmated"]
[WhiteElo "714"]
[BlackElo "964"]
[Opening "KP: Lopez opening"]
[ECO "C20"]
[NIC "KP.10"]
[Time "17:00:16"]
[PlyCount "46"]
[TimeControl "1500+5"]

1. e4 e5 2. c3 Nf6 3. d4 exd4 4. cxd4 Nxe4 5. Nf3 Nc6 6. Qe2 Qe7 7. Nc3 Nxc3
8. Qxe7+ Bxe7 9. bxc3 d5 10. Bd3 Be6 11. O-O O-O-O 12. Ne5 Nxe5 13. dxe5
Rhe8 14. Re1 Bc5 15. Bg5 Be7 16. Bxe7 Rxe7 17. Rab1 d4 18. cxd4 Rxd4 19.
Bxh7 g6 20. Re3 Bxa2 21. Ra1 Re8 22. Rxa2 Rd1+ 23. Re1 Rxe1# {White
checkmated} 0-1

[Event "ICC tourney 2772 (25 5)"]
[Site "Internet Chess Club"]
[Date "2021.12.19"]
[Round "5"]
[White "KOGAN, JONATHAN:jkshark"]
[Black "MUSTO, LUKE:reallopsidedhaw"]
[Result "1-0"]
[ICCResult "Black checkmated"]
[WhiteElo "519"]
[BlackElo "962"]
[Opening "French: exchange variation"]
[ECO "C01"]
[NIC "FR.01"]
[Time "17:00:12"]
[PlyCount "41"]
[TimeControl "1500+5"]

1. e4 e6 2. d4 d5 3. exd5 exd5 4. c4 Nf6 5. Nc3 Bb4 6. Nf3 O-O 7. Bd3 Bxc3+
8. bxc3 Bg4 9. h3 Bh5 10. O-O Bg6 11. Bxg6 fxg6 12. Bb2 Ne4 13. Re1 Ng5 14.
cxd5 Nxf3+ 15. gxf3 Qh4 16. Ba3 Rd8 17. Be7 Qxh3 18. Bxd8 Na6 19. Re8+ Kf7
20. Qe2 Qf5 21. Qe7# {Black checkmated} 1-0

[Event "ICC tourney 2772 (25 5)"]
[Site "Internet Chess Club"]
[Date "2021.12.19"]
[Round "5"]
[White "Bapuram, Aadya:AadyaB"]
[Black "MAZUR, HUDSON:hmnyc"]
[Result "0-1"]
[ICCResult "White checkmated"]
[WhiteElo "345"]
[BlackElo "752"]
[Opening "Caro-Kann: Tartakower (fantasy) variation"]
[ECO "B12"]
[NIC "CK.02"]
[Time "17:00:19"]
[PlyCount "38"]
[TimeControl "1500+5"]

1. e4 c6 2. d4 d5 3. f3 Bd7 4. Nc3 e6 5. g3 Nf6 6. Bh3 c5 7. dxc5 Bxc5 8.
Bg5 h6 9. Bf4 Nc6 10. Qe2 e5 11. Bxd7+ Qxd7 12. Bd2 dxe4 13. fxe4 O-O 14.
O-O-O Qc7 15. Nd5 Nxd5 16. exd5 Nd4 17. Qg4 f5 18. Qg6 Bd6 19. Bxh6 Qxc2#
{White checkmated}
0-1

[Event "ICC tourney 2772 (25 5)"]
[Site "Internet Chess Club"]
[Date "2021.12.19"]
[Round "5"]
[White "LI, ELLA XINYI:ellaxy"]
[Black "WANG, KYLER:Kyler"]
[Result "1-0"]
[ICCResult "Black checkmated"]
[WhiteElo "752"]
[BlackElo "592"]
[Opening "Giuoco Piano: four knights variation"]
[ECO "C47"]
[NIC "KP.06"]
[Time "17:00:53"]
[PlyCount "79"]
[TimeControl "1500+5"]

1. e4 e5 2. Nf3 Nc6 3. Nc3 Nf6 4. Bc4 Bc5 5. O-O d6 6. Ng5 O-O 7. Nf3 Bg4 8.
Be2 Bxf3 9. Bxf3 Qe7 10. Nd5 Nxd5 11. exd5 Nb4 12. a3 Na6 13. Be2 Nb8 14. b4
Bd4 15. c3 Bb6 16. a4 c6 17. dxc6 Nxc6 18. a5 Bc7 19. b5 Nxa5 20. Bf3 a6 21.
bxa6 Rxa6 22. Bxb7 Bb6 23. Bxa6 Ra8 24. Be2 d5 25. Bb2 e4 26. d3 exd3 27.
Bxd3 Bc7 28. Re1 Qf6 29. Qf3 Qh6 30. Qh3 Qxh3 31. gxh3 h6 32. c4 dxc4 33.
Bxc4 Rd8 34. Be2 Rd2 35. Bc3 Rd5 36. Bxa5 Bxa5 37. Rxa5 Rxa5 38. Bd3 Rg5+
39. Kh1 Rh5 40. Re8# {Black checkmated} 1-0

[Event "ICC tourney 2772 (25 5)"]
[Site "Internet Chess Club"]
[Date "2021.12.19"]
[Round "5"]
[White "Xu, Kevin:kevin66666666"]
[Black "CHU, LEON:Leonchu"]
[Result "1-0"]
[ICCResult "Black checkmated"]
[WhiteElo "565"]
[BlackElo "353"]
[Opening "Four knights: Spanish variation"]
[ECO "C48"]
[NIC "KP.03"]
[Time "17:00:19"]
[PlyCount "57"]
[TimeControl "1500+5"]

1. e4 e5 2. Nf3 Nc6 3. Nc3 Nf6 4. Bb5 d6 5. d3 a6 6. Ba4 b5 7. Bb3 h6 8. O-O
Bg4 9. Be3 g6 10. h3 h5 11. hxg4 hxg4 12. Ng5 Bh6 13. Nxf7 Qe7 14. Nxh8 Qh7
15. Nf7 Nd4 16. Nxh6 O-O-O 17. Qd2 Nxb3 18. axb3 Rh8 19. Rxa6 Nd7 20. Ra8+
Nb8 21. Nxb5 Kd7 22. Qc3 c6 23. Ra7+ Ke6 24. Rxh7 Rxh7 25. Na7 c5 26. Qc4+
Ke7 27. Bg5+ Kf8 28. Ra1 Nd7 29. Qg8# {Black checkmated} 1-0

[Event "ICC tourney 2772 (25 5)"]
[Site "Internet Chess Club"]
[Date "2021.12.19"]
[Round "5"]
[White "WU, TERRAIN:Brainstormer"]
[Black "CHEN, WINSTON:wcsja"]
[Result "1-0"]
[ICCResult "Black checkmated"]
[WhiteElo "902"]
[BlackElo "864"]
[Opening "Giuoco Piano"]
[ECO "C50"]
[NIC "IG.02"]
[Time "17:00:53"]
[PlyCount "97"]
[TimeControl "1500+5"]

1. e4 e5 2. Nf3 Nc6 3. Bc4 Bc5 4. O-O Nf6 5. d3 d6 6. h3 h6 7. Nc3 Na5 8.
Bb3 Nxb3 9. cxb3 O-O 10. Be3 Bxe3 11. fxe3 b6 12. Ne2 c5 13. Ng3 Qe7 14. Nh4
Nxe4 15. Ngf5 Bxf5 16. Nxf5 Qg5 17. dxe4 Rad8 18. Qf3 Rd7 19. Rad1 a5 20.
Qg3 Qxg3 21. Nxg3 b5 22. Nf5 Rfd8 23. Rd5 Kh7 24. Rfd1 g6 25. Nxd6 Rxd6 26.
Rxd6 Rc8 27. Rc1 b4 28. Rd5 f5 29. Rdxc5 Ra8 30. Rxe5 fxe4 31. Rc7+ Kh8 32.
Rec5 a4 33. Rc8+ Rxc8 34. Rxc8+ Kg7 35. bxa4 Kf7 36. a5 Ke7 37. a6 Kd7 38.
Rc1 Ke6 39. a7 Kf5 40. a8=Q g5 41. Qd5+ Kg6 42. Rc6+ Kh5 43. g4+ Kh4 44. Kg2
h5 45. gxh5 g4 46. Qd8+ Kxh5 47. hxg4+ Kxg4 48. Rg6+ Kf5 49. Qg5#
{Black checkmated}
1-0